3AA
NORTONVILLE CHEROKEES @ TACOMA FUR TRADERS
07/25/2021
 
TOP OF THE 1ST
Nortonville Cherokees batting - Pitching for Tacoma Fur Traders : LHP César González
Pitching: LHP César González
Batting: SHB Chris Cordell 0-0: Ball
1-0: Ball
2-0: Called Strike
2-1: Ball
3-1: Called Strike
3-2: Base on Balls
Batting: RHB Cristián Cruz 0-0: Called Strike
0-1: Foul Ball, location: 2F
0-2: Fly out, F8 (Flyball, 8LD)
Batting: SHB Gonzalo Valentín 0-0: Ball
1-0: Ball
2-0: Foul Ball, location: 2F
2-1: Called Strike
2-2: Ground out 2-3 (Groundball, 25)
Chris Cordell to second
Batting: RHB Chris Oudekirk 0-0: Called Strike
0-1: Ball
1-1: Foul Ball, location: 2F
1-2: Strikes out looking
Top of the 1st over - 0 run(s), 0 hit(s), 0 error(s), 1 left on base; Nortonville 0 - Tacoma 0
BOTTOM OF THE 1ST
Tacoma Fur Traders batting - Pitching for Nortonville Cherokees : LHP Homer O'Lannigan
Pitching: LHP Homer O'Lannigan
Batting: RHB Tony Romero 0-0: Ball
1-0: Foul Ball, location: 2F
1-1: Foul Ball, location: 2F
1-2: Foul Ball, location: 2F
1-2: Foul Ball, location: 2F
1-2: Ball
2-2: Strikes out swinging, 2-3 out at first.
Batting: RHB Jim Unknown 0-0: Ball
1-0: Ball
2-0: Ball
3-0: Called Strike
3-1: Swinging Strike
3-2: SINGLE (Popup, 34D)
Batting: RHB José Cruz 0-0: Swinging Strike
0-1: Called Strike
0-2: Strikes out looking
Batting: RHB Mario Castillo 0-0: Ball
1-0: Ball
2-0: Foul Ball, location: 2F
2-1: Foul Ball, location: 2F
2-2: Foul Ball, location: 2F
2-2: Ball
3-2: Base on Balls
Jim Unknown to second
Batting: RHB Cristo González 0-0: Fielders Choice at 2nd, 6-4 (Groundball, 6)
Bottom of the 1st over - 0 run(s), 1 hit(s), 0 error(s), 1 left on base; Nortonville 0 - Tacoma 0
TOP OF THE 2ND
Nortonville Cherokees batting - Pitching for Tacoma Fur Traders : LHP César González
Batting: SHB Craig Barnes 0-0: Called Strike
0-1: Ball
1-1: Foul Ball, location: 2F
1-2: Strikes out looking
Batting: RHB Tom Tracy 0-0: Ball
1-0: Ball
2-0: Called Strike
2-1: Fly out, F8 (Flyball, 8RM)
Batting: RHB David Sánchez 0-0: Fly out, F8 (Flyball, 8RM)
Top of the 2nd over - 0 run(s), 0 hit(s), 0 error(s), 0 left on base; Nortonville 0 - Tacoma 0
BOTTOM OF THE 2ND
Tacoma Fur Traders batting - Pitching for Nortonville Cherokees : LHP Homer O'Lannigan
Batting: RHB Gonzalo Manuel 0-0: Foul Ball, location: 2F
0-1: Foul Ball, location: 2F
0-2: Foul Ball, location: 2F
0-2: Ball
1-2: Ball
2-2: Foul Ball, location: 2F
2-2: Ball
3-2: Strikes out swinging
Batting: RHB Roberto Maestas 0-0: Ball
1-0: Called Strike
1-1: Ball
2-1: Foul Ball, location: 2F
2-2: SINGLE (Groundball, 6MD)
Batting: LHB Jim Unknown 0-0: Ball
1-0: Foul Ball, location: 2F
1-1: Grounds into double play, 6-4-3 (Groundball, 6)
Bottom of the 2nd over - 0 run(s), 1 hit(s), 0 error(s), 0 left on base; Nortonville 0 - Tacoma 0
TOP OF THE 3RD
Nortonville Cherokees batting - Pitching for Tacoma Fur Traders : LHP César González
Batting: LHB Anthony Trigg 0-0: Foul Ball, location: 2F
0-1: Called Strike
0-2: Ground out 3-1 (Groundball, 34)
Batting: RHB Víctor López 0-0: Fly out, F9 (Flyball, 89XD)
Batting: SHB Chris Cordell 0-0: Ball
1-0: Called Strike
1-1: Swinging Strike
1-2: Strikes out looking
Top of the 3rd over - 0 run(s), 0 hit(s), 0 error(s), 0 left on base; Nortonville 0 - Tacoma 0
BOTTOM OF THE 3RD
Tacoma Fur Traders batting - Pitching for Nortonville Cherokees : LHP Homer O'Lannigan
Batting: RHB Ronald Hines 0-0: Ball
1-0: Ball
2-0: Foul Ball, location: 2F
2-1: Swinging Strike
2-2: Strikes out swinging
Batting: RHB Tony Romero 0-0: Called Strike
0-1: DOUBLE (Line Drive, 89M)
Batting: RHB Jim Unknown 0-0: Called Strike
0-1: Ball
1-1: Ground out 5-3 (Groundball, 5)
Batting: RHB José Cruz 0-0: Called Strike
0-1: SINGLE (Groundball, 5D)
Tony Romero to third
Runner from 3rd tries for Home, SAFE, no throw or cutoff
Batting: RHB Mario Castillo 0-0: Ball
1-0: Called Strike
1-1: Foul Ball, location: 2F
1-2: Ball
2-2: Foul Ball, location: 2F
2-2: Ball
3-2: Strikes out swinging
Bottom of the 3rd over - 1 run(s), 2 hit(s), 0 error(s), 1 left on base; Nortonville 0 - Tacoma 1
TOP OF THE 4TH
Nortonville Cherokees batting - Pitching for Tacoma Fur Traders : LHP César González
Batting: RHB Cristián Cruz 0-0: Foul Ball, location: 2F
0-1: Ground out 1-3 (Groundball, 13)
Batting: SHB Gonzalo Valentín 0-0: SINGLE (Line Drive, 6M)
Batting: RHB Chris Oudekirk 0-0: Called Strike
0-1: Foul Ball, location: 2F
0-2: Ball
1-2: Fly out, F7 (Flyball, 78M)
Batting: SHB Craig Barnes 0-0: Called Strike
0-1: Ball
1-1: Swinging Strike
1-2: Ball
2-2: Ground out 5-3 (Groundball, 5L)
Top of the 4th over - 0 run(s), 1 hit(s), 0 error(s), 1 left on base; Nortonville 0 - Tacoma 1
BOTTOM OF THE 4TH
Tacoma Fur Traders batting - Pitching for Nortonville Cherokees : LHP Homer O'Lannigan
Batting: RHB Cristo González 0-0: DOUBLE (Flyball, 8RM)
Batting: RHB Gonzalo Manuel 0-0: Called Strike
0-1: Ball
1-1: Ball
2-1: Swinging Strike
2-2: Ball
3-2: Base on Balls
Batting: RHB Roberto Maestas 0-0: Foul Ball, location: 2F
0-1: SINGLE (Line Drive, 89S)
Cristo González to third
Gonzalo Manuel to second
Batting: LHB Jim Unknown 0-0: Ground out 3-1 (Groundball, 34S)
Cristo González scores
Gonzalo Manuel to third
Roberto Maestas to second
Batting: RHB Ronald Hines 0-0: Ball
1-0: Ball
2-0: Ball
3-0: Called Strike
3-1: SINGLE (Groundball, 23) (infield hit)
Batting: RHB Tony Romero 0-0: Fly out, F8 (Flyball, 8RM)
Runner from 3rd tags up, SCORES, throw made
Batting: RHB Jim Unknown 0-0: Ball
1-0: Swinging Strike
1-1: Called Strike
1-2: Strikes out swinging
Bottom of the 4th over - 2 run(s), 3 hit(s), 0 error(s), 2 left on base; Nortonville 0 - Tacoma 3
TOP OF THE 5TH
Nortonville Cherokees batting - Pitching for Tacoma Fur Traders : LHP César González
Batting: RHB Tom Tracy 0-0: Ball
1-0: Fly out, F7 (Flyball, 7LM)
Batting: RHB David Sánchez 0-0: Ball
1-0: Ball
2-0: Ball
3-0: Called Strike
3-1: Fly out, F4 (Popup, 4MS)
Batting: LHB Anthony Trigg 0-0: Ground out U3 (Groundball, 3S)
Top of the 5th over - 0 run(s), 0 hit(s), 0 error(s), 0 left on base; Nortonville 0 - Tacoma 3
BOTTOM OF THE 5TH
Tacoma Fur Traders batting - Pitching for Nortonville Cherokees : LHP Homer O'Lannigan
Batting: RHB José Cruz 0-0: Ball
1-0: Swinging Strike
1-1: Ball
2-1: Called Strike
2-2: Ball
3-2: Strikes out swinging
Batting: RHB Mario Castillo 0-0: Foul Ball, location: 2F
0-1: Swinging Strike
0-2: Ball
1-2: Strikes out swinging
Batting: RHB Cristo González 0-0: Fly out, F8 (Line Drive, 8RS)
Bottom of the 5th over - 0 run(s), 0 hit(s), 0 error(s), 0 left on base; Nortonville 0 - Tacoma 3
TOP OF THE 6TH
Nortonville Cherokees batting - Pitching for Tacoma Fur Traders : LHP César González
Batting: RHB Víctor López 0-0: Called Strike
0-1: Ball
1-1: Ball
2-1: DOUBLE (Flyball, 8LXD)
Pinch Runner at 2nd Edén Mont:
Batting: SHB Chris Cordell 0-0: Ball
1-0: Foul Ball, location: 2F
1-1: Swinging Strike
1-2: Ball
2-2: Strikes out swinging
Batting: RHB Cristián Cruz 0-0: Called Strike
0-1: Ball
1-1: Called Strike
1-2: Ball
2-2: Ball
3-2: Base on Balls
Batting: SHB Gonzalo Valentín 0-0: Ball
1-0: Foul Ball, location: 2F
1-1: Ball
2-1: Called Strike
2-2: Foul Ball, location: 2F
2-2: Foul Ball, location: 2F
2-2: SINGLE (Line Drive, 7LS)
Edén Mont to third
Cristián Cruz to second
Runner from 3rd tries for Home, SAFE, no throw or cutoff
Batting: RHB Chris Oudekirk 0-0: Called Strike
0-1: Ball
1-1: Called Strike
1-2: Ball
2-2: Ball
3-2: Base on Balls
Cristián Cruz to third
Gonzalo Valentín to second
Batting: SHB Craig Barnes 0-0: Ball
1-0: SINGLE (Groundball, 56D)
Cristián Cruz scores
Gonzalo Valentín to third
Chris Oudekirk to second
Runner from 3rd tries for Home, throw and OUT!
Chris Oudekirk to third
Craig Barnes to second
Batting: RHB Tom Tracy 0-0: Ball
1-0: Foul Ball, location: 2F
1-1: Called Strike
1-2: Foul Ball, location: 2F
1-2: SINGLE (Line Drive, 56)
Chris Oudekirk scores
Craig Barnes to third
Runner from 3rd tries for Home, SAFE, no throw or cutoff
Batting: RHB David Sánchez 0-0: Ball
1-0: Foul Ball, location: 2F
1-1: Ball
2-1: Fielders Choice at 2nd, U6 (Groundball, 6M)
Top of the 6th over - 4 run(s), 4 hit(s), 0 error(s), 1 left on base; Nortonville 4 - Tacoma 3
BOTTOM OF THE 6TH
Tacoma Fur Traders batting - Pitching for Nortonville Cherokees : LHP Homer O'Lannigan
Now in CF: Edén Mont
Batting: RHB Gonzalo Manuel 0-0: Ball
1-0: Foul Ball, location: 2F
1-1: Ball
2-1: Called Strike
2-2: Foul Ball, location: 2F
2-2: Strikes out swinging
Batting: RHB Roberto Maestas 0-0: Fly out, F7 (Flyball, 7LMF)
Batting: LHB Jim Unknown 0-0: Ball
1-0: Ball
2-0: Ball
3-0: Base on Balls
Pitching: RHP Brandeis Göller
Batting: RHB Ronald Hines 0-0: Ball
1-0: Fly out, F9 (Flyball, 9M)
Bottom of the 6th over - 0 run(s), 0 hit(s), 0 error(s), 1 left on base; Nortonville 4 - Tacoma 3
TOP OF THE 7TH
Nortonville Cherokees batting - Pitching for Tacoma Fur Traders : LHP César González
Batting: LHB Anthony Trigg 0-0: Ball
1-0: Called Strike
1-1: Foul Ball, location: 2F
1-2: Strikes out swinging
Batting: RHB Edén Mont 0-0: Ball
1-0: Ball
2-0: Foul Ball, location: 2F
2-1: Ball
3-1: Fly out, F8 (Flyball, 8RM)
Batting: SHB Chris Cordell 0-0: Called Strike
0-1: Swinging Strike
0-2: Ball
1-2: Foul Ball, location: 2F
1-2: SINGLE (Line Drive, 3)
Pinch Hitting: RHB Claudio Torres 0-0: Ball
1-0: Foul Ball, location: 2F
1-1: Ball
2-1: Called Strike
2-2: Foul Ball, location: 2F
2-2: Strikes out swinging
Top of the 7th over - 0 run(s), 1 hit(s), 0 error(s), 1 left on base; Nortonville 4 - Tacoma 3
BOTTOM OF THE 7TH
Tacoma Fur Traders batting - Pitching for Nortonville Cherokees : RHP Brandeis Göller
Now at 1B: Claudio Torres
Batting: RHB Tony Romero 0-0: Called Strike
0-1: Ball
1-1: Fly out, F8 (Flyball, 8LM)
Batting: RHB Jim Unknown 0-0: Called Strike
0-1: Called Strike
0-2: SINGLE (Line Drive, 78S)
Pinch Hitting: RHB Andre Dixon 0-0: Ball
1-0: Grounds into double play, 6-4-3 (Groundball, 6M)
Bottom of the 7th over - 0 run(s), 1 hit(s), 0 error(s), 0 left on base; Nortonville 4 - Tacoma 3
TOP OF THE 8TH
Nortonville Cherokees batting - Pitching for Tacoma Fur Traders : LHP César González
Now in RF: Jim Unknown
Batting: SHB Gonzalo Valentín 0-0: Ball
1-0: Foul Ball, location: 2F
1-1: Swinging Strike
1-2: Ball
2-2: Fly out, F7 (Flyball, 7M)
Batting: RHB Chris Oudekirk 0-0: Ball
1-0: Ball
2-0: Called Strike
2-1: Ball
3-1: Base on Balls
Pitching: RHP Jim Unknown
Batting: SHB Craig Barnes 0-0: Ball
1-0: Swinging Strike
1-1: SINGLE (Line Drive, 89S)
Chris Oudekirk to second
Runner from 2nd tries for 3rd, OUT!
Craig Barnes to second
Batting: RHB Tom Tracy 0-0: Ball
1-0: Ball
2-0: Ground out 5-3 (Groundball, 56)
Top of the 8th over - 0 run(s), 1 hit(s), 0 error(s), 1 left on base; Nortonville 4 - Tacoma 3
BOTTOM OF THE 8TH
Tacoma Fur Traders batting - Pitching for Nortonville Cherokees : RHP Brandeis Göller
Batting: RHB Mario Castillo 0-0: Called Strike
0-1: Ground out 5-3 (Groundball, 5L)
Batting: RHB Cristo González 0-0: Ball
1-0: Foul Ball, location: 2F
1-1: Fly out, F9 (Flyball, 9S)
Batting: RHB Gonzalo Manuel 0-0: Swinging Strike
0-1: Ball
1-1: Foul Ball, location: 2F
1-2: Ball
2-2: Strikes out swinging
Bottom of the 8th over - 0 run(s), 0 hit(s), 0 error(s), 0 left on base; Nortonville 4 - Tacoma 3
TOP OF THE 9TH
Nortonville Cherokees batting - Pitching for Tacoma Fur Traders : RHP Jim Unknown
Pitching: RHP Jim Unknown
Batting: RHB David Sánchez 0-0: Ball
1-0: Ball
2-0: Ball
3-0: Base on Balls
Batting: LHB Anthony Trigg 0-0: Bunted foul
0-1: Ball
1-1: Ball
David Sánchez is caught stealing 2nd base
2-1: Ground out 6-3 (Groundball, 6)
Batting: RHB Edén Mont 0-0: Ball
1-0: Fly out, F4 (Popup, 34)
Top of the 9th over - 0 run(s), 0 hit(s), 0 error(s), 0 left on base; Nortonville 4 - Tacoma 3
BOTTOM OF THE 9TH
Tacoma Fur Traders batting - Pitching for Nortonville Cherokees : RHP Brandeis Göller
Pitching: RHP Roberto Cabrera
Batting: RHB Roberto Maestas 0-0: Ball
1-0: Called Strike
1-1: Ball
2-1: Foul Ball, location: 2F
2-2: Strikes out swinging
Batting: LHB Jim Unknown 0-0: Called Strike
0-1: Ball
1-1: Ball
2-1: Foul Ball, location: 2F
2-2: Foul Ball, location: 2F
2-2: Ball
3-2: Foul Ball, location: 2F
3-2: Foul Ball, location: 2F
3-2: SINGLE (Line Drive, 6M)
Batting: RHB Ronald Hines 0-0: Called Strike
0-1: Called Strike
0-2: Ball
1-2: Strikes out swinging
Batting: RHB Tony Romero 0-0: Called Strike
0-1: Ground out 5-3 (Groundball, 56S)
Bottom of the 9th over - 0 run(s), 1 hit(s), 0 error(s), 1 left on base; Nortonville 4 - Tacoma 3
This league is powered by Out of the Park Baseball, the baseball management simulation game for PC, Mac and Linux
Friday, January 22nd, 2016 - OOTP Baseball 16.9 Build 39